 Dungeon Crawl Stone Soup version 0.30.0-15-g856e2d3f33 (webtiles) character file.

Game seed: 306426454877943427

173 Kenran the Slasher (level 5, -4/32 HPs)
             Began as a Gargoyle Fighter on May 19, 2023.
             Slain by a cerulean imp
             ... wielding a +0 spear
             ... summoned by Natasha
              (5 damage)
             ... on level 3 of the Dungeon.
             The game lasted 00:02:32 (1573 turns).

Kenran the Slasher (Gargoyle Fighter)               Turns: 1573, Time: 00:02:33

Health: -4/32      AC: 10    Str: 19    XL:     5   Next: 53%
Magic:  5/5        EV:  9    Int:  9    God:
Gold:   111        SH:  4    Dex: 11    Spells: 4/4 levels left

rFire   . . .        a - +0 long sword
rCold   . . .        c - +0 buckler
rNeg    + . .        b - +0 scale mail
rPois   ∞            (no helmet)
rElec   +            (no cloak)
rCorr   .            (no gloves)
SInv    .            (no boots)
Will    .....        g - amulet of the acrobat Stlth
                     (no ring)
HPRegen 0.25/turn    (no ring)
MPRegen 0.09/turn

%: acrobat
@: mighty, slowed, very slow
A: sickness immunity, AC +4, negative energy resistance 1, electricity
resistance, torment resistance 1, petrification resistance
a: no special abilities


You were on level 3 of the Dungeon.
You visited 1 branch of the dungeon, and saw 3 of its levels.

You collected 111 gold pieces.

Inventory:

Hand Weapons
 a - a +0 long sword (weapon)
Armour
 b - a +0 scale mail (worn)
 c - a +0 buckler (worn)
Jewellery
 g - an amulet of the acrobat (around neck)
Scrolls
 h - 3 scrolls of identify {@r1}
 l - a scroll of blinking
 m - a scroll of immolation {unknown}
Potions
 e - a potion of curing {@q1}
 f - 3 potions of magic
 i - 2 potions of mutation {!q}
 j - a potion of brilliance
 k - a potion of flight


   Skills:
 - Level 3.2 Fighting
 + Level 5.1 Long Blades
 - Level 3.2 Armour
 - Level 3.2 Shields


You had 4 spell levels left.
You didn't know any spells.
Your spell library contained the following spells:

 Spells                   Type           Power      Damage    Failure   Level
 Shock                    Conj/Air       0%         1d3       83%         1
 Stone Arrow              Conj/Erth      0%         3d7       99%         3
 Swiftness                Air            0%         N/A       99%         3
 Airstrike                Air            0%         2d(0-16)  100%        4
 Animate Armour           Summ/Erth      0%         N/A       100%        4
 Lehudib's Crystal Spear  Conj/Erth      0%         10d2      100%        8


Dungeon Overview and Level Annotations

Branches:
Dungeon (3/15)

Altars:
Fedhas

Annotations:
D:3 Natasha


Innate Abilities, Weirdness & Mutations

You are immune to sickness and miasma.
Your stone body is resilient. (AC +4)
You are immune to poison.
You resist negative energy. (rN+)
You are resistant to electric shocks. (rElec)
You are resistant to unholy torment.
You are immune to petrification.


Message History

Pargi claws you.
The cerulean imp hits you but does no damage.
You closely miss Pargi.
Pargi is moderately wounded.
Pargi bites you. Pargi claws you. x2
Natasha mumbles some strange words.
The cerulean imp barely misses you.
You slash Pargi!
Pargi is severely wounded.
The cerulean imp disappears in a puff of smoke!
Pargi closely misses you. Pargi claws you but does no damage. Pargi claws you.
Natasha mumbles some strange words.
Pargi bites you. Pargi claws you. Pargi claws you but does no damage.
You are too injured to fight recklessly!
You slash Pargi!
You kill Pargi!
Natasha stares at you and mumbles some strange words.
You feel yourself slow down. You block the cerulean imp's attack.
Your Long Blades skill increases to level 5!
You have reached level 5!
You closely miss Natasha. You block the cerulean imp's attack.
Natasha claws you but does no damage.
The cerulean imp hits you but does no damage. x2
Natasha growls.
Natasha claws you.
You barely miss Natasha. The cerulean imp barely misses you.
You block the cerulean imp's attack. Natasha claws you.
The cerulean imp hits you from afar with a +0 spear.
The cerulean imp barely misses you.
You closely miss Natasha. Natasha claws you.
* * * LOW HITPOINT WARNING * * *
The cerulean imp hits you but does no damage. x2
Natasha misses you. You block the cerulean imp's attack.
You closely miss Natasha.
The cerulean imp hits you from afar with a +2 spear.
* * * LOW HITPOINT WARNING * * *
Natasha claws you.
* * * LOW HITPOINT WARNING * * *
The cerulean imp hits you from afar with a +0 spear.
You die...

#.#......###'#.....
# #
#.#..#######.###...
#.#.#.#..........
...#
###.#.#.##░.░......
...........❀......
......#.##░.░...#
###.#...........#
.. #.#.##.#....# ##
#...@h5.....#
#...##5.....#
#...##.#.).....
................
...#.......#......
...######.###.....
.. #.# ##### #.#


You could see Natasha and 2 cerulean imps.

Vanquished Creatures
  Pargi (D:3)
  Natasha (D:3)
  An adder (D:3)
  A dart slug (D:1)
  4 ball pythons
  6 bats
  3 endoplasms (D:1)
  3 giant cockroaches (D:1)
  4 goblins
  7 hobgoblins
  3 jackals (D:1)
  2 quokkas (D:1)
  2 frilled lizards (D:2)
  A kobold (D:2)
  5 rats
44 creatures vanquished.

Notes
Turn   | Place    | Note
-------+----------+-------------------------------------------
     0 | D:1      | Kenran the Gargoyle Fighter began the quest for the Orb.
     0 | D:1      | Reached XP level 1. HP: 14/14 MP: 1/1
    59 | D:1      | Reached skill level 2 in Long Blades
    86 | D:1      | Reached XP level 2. HP: 19/19 MP: 2/2
   443 | D:1      | Reached skill level 3 in Long Blades
   454 | D:1      | Reached XP level 3. HP: 23/23 MP: 3/3
  1432 | D:3      | Noticed Natasha
  1441 | D:3      | Killed Natasha
  1442 | D:3      | Reached XP level 4. HP: 27/28 MP: 4/4
  1451 | D:3      | Reached skill level 4 in Long Blades
  1540 | D:3      | Found a blossoming altar of Fedhas.
  1556 | D:3      | Noticed Pargi
  1558 | D:3      | Noticed Natasha
  1569 | D:3      | Killed Pargi
  1570 | D:3      | Reached skill level 5 in Long Blades
  1570 | D:3      | Reached XP level 5. HP: 19/32 MP: 5/5
  1573 | D:3      | HP: 1/32 [Natasha (5)]
  1573 | D:3      | Slain by a cerulean imp

Illustrated notes

Levels and vault maps discovered:
D:1:      evilmike_arrival_crescent, layout_loops_ring
D:2:      layout_loops_ring, serial_glass, glass_columns_a, glass_columns_a
D:3:      layout_basic, lemuel_crystal_altar, lemuel_coloured_pillars_altar,
          mainiacjoe_overflow_alcove_2, basic_ecumenical_altar, uniq_natasha,
          uniq_crazy_yiuf_cottage, uniq_pargi

Skill      XL: |  1  2  3  4 |
---------------+-------------+-----
Long Blades    | 2 3 5 |  5.1
Fighting       | |  3.2
Armour         | |  3.2
Shields        | |  3.2

Action                     |  1- 3 |  4- 6 || total
---------------------------+-------+-------++-------
  Melee: Long sword        |   122 |    30 ||   152
    Use: Scroll            |     6 |       ||     6
         Potion            |       |     1 ||     1
 Armour: Scale mail        |    72 |    20 ||    92
  Dodge: Dodged            |    77 |    15 ||    92
  Block: Buckler           |    23 |    12 ||    35
